 Dungeon Crawl Stone Soup version 0.26-a0-487-gbff1e92059 (webtiles) character file.

Game seed: 9477735052276019530

130 KristoblXynda the Ducker (level 4, -1/39 HPs)
             Began as a Troll Hedge Wizard on Aug 2, 2020.
             Slain by an ogre
             ... wielding a +0 giant spiked club
              (25 damage)
             ... on level 4 of the Dungeon.
             The game lasted 00:01:57 (1264 turns).

KristoblXynda the Ducker (Troll Hedge Wizard)       Turns: 1264, Time: 00:01:57

Health: -1/39      AC:  6    Str: 18    XL:     4   Next: 90%
Magic:  6/6        EV: 10    Int: 11    God:
Gold:   91         SH:  0    Dex:  9    Spells: 6/7 levels left

rFire    . . .     SeeInvis .     - Unarmed
rCold    . . .     Faith    .   (no shield)
rNeg     . . .     Spirit   .   b - +0 robe
rPois    .         Reflect  .   c - +0 hat
rElec    .         Harm     .   (no cloak)
rCorr    .                      (gloves unavailable)
MR       .....                  (boots unavailable)
Stlth    +.........             (no amulet)
HPRegen  0.53/turn              (no ring)
MPRegen  0.10/turn              (no ring)

@: no status effects
A: large, unfitting armour, claws 3, regeneration 1, shaggy fur 1, tough skin 3
a: no special abilities


You were on level 4 of the Dungeon.
You visited 1 branch of the dungeon, and saw 3 of its levels.

You collected 91 gold pieces.

Inventory:

Hand Weapons
 l - a +0 morningstar
Armour
 b - a +0 robe (worn)
 c - a +0 hat (worn)
Scrolls
 a - 2 scrolls of identify
 f - a scroll of noise {unknown}
 i - 2 scrolls of remove curse {unknown}
 j - a scroll of enchant weapon {unknown}
 k - a scroll of fear {unknown}
Potions
 d - a potion of flight
 e - 2 potions of mutation
 g - a potion of invisibility
 h - 2 potions of might {unknown}


   Skills:
 + Level 2.7 Dodging
 - Level 1.0 Stealth
 + Level 2.4 Unarmed Combat
 - Level 2.0 Spellcasting
 + Level 2.0 Conjurations
   Level 0.6 Summonings
   Level 0.6 Translocations


You had 6 spell levels left.
You knew the following spells:

 Your Spells              Type           Power        Failure   Level
a - Magic Dart            Conj           #...         13%         1

Your spell library contained the following spells:

 Spells                   Type           Power        Failure   Level
 Blink                    Tloc           N/A          34%         2
 Call Imp                 Summ           #.......     34%         2
 Slow                     Hex            #.......     41%         2
 Conjure Flame            Conj/Fire      #.......     50%         3
 Mephitic Cloud           Conj/Pois/Air  #.......     54%         3


Dungeon Overview and Level Annotations

Branches:
Dungeon (4/15)
 Temple: D:4-7

Altars:
Xom


Innate Abilities, Weirdness & Mutations

You are too large for most types of armour.
You have claws for hands.
Your natural rate of healing is unusually fast.
You are covered in fur. (AC +1)
You have extremely tough skin. (AC +3)


Message History

An ogre comes into view. It is wielding a +0 giant spiked club.
The ogre shouts!
An ogre is nearby!
An ogre is nearby!
An ogre is nearby!
As you read the scroll labeled XEDWEC LERE, it crumbles to dust.
It is a scroll of identify.
e - 2 potions of mutation
As you read the scroll of identify, it crumbles to dust.
g - a potion of invisibility
As you read the scroll of identify, it crumbles to dust.
d - a potion of flight You scratch the ogre but do no damage.
The ogre hits you with a +0 giant spiked club!
You barely miss the ogre. You scratch the ogre.
The ogre is lightly wounded.
The ogre hits you with a +0 giant spiked club!!
Ouch! That really hurt!
You die...

######. #...... #.#####
#####.##### #.........#
#.....###.# ....#####
#.# #.#.###############
#.#
#.....O@..........####.#
..#.########.........[.#
#...........#
#...........#
#............
#..........##
#..........#
#..........#
#..........#


You could see an ogre.

Vanquished Creatures
  A jelly (D:4)
  An iguana (D:4)
  A worker ant (D:4)
  An adder skeleton (D:4)
  2 worms
  A dart slug (D:2)
  3 leopard geckos (D:1)
  An orc (D:4)
  A ball python (D:2)
  2 giant cockroaches (D:4)
  A goblin (D:1)
  4 hobgoblins
  2 jackals (D:2)
  6 kobolds
  A quokka (D:4)
  5 bats
  A frilled lizard (D:2)
  3 rats (D:1)
37 creatures vanquished.

Vanquished Creatures (others)
  An orc priest (D:4)
  A worker ant (D:4)
  An adder (D:4)
  A frilled lizard (D:4)
4 creatures vanquished.

Grand Total: 41 creatures vanquished

Notes
Turn   | Place    | Note
-------+----------+-------------------------------------------
     0 | D:1      | KristoblXynda the Troll Hedge Wizard began the quest for
                  | the Orb.
     0 | D:1      | Reached XP level 1. HP: 16/16 MP: 2/2
   172 | D:1      | Reached skill level 1 in Conjurations
   172 | D:1      | Reached XP level 2. HP: 15/24 MP: 4/4
   215 | D:1      | Reached skill level 1 in Unarmed Combat
   717 | D:2      | Reached XP level 3. HP: 28/31 MP: 5/5
   790 | D:2      | You fall into a shaft and drop 2 floors!
   867 | D:4      | Found a shimmering altar of Xom.
   873 | D:4      | Reached XP level 4. HP: 23/39 MP: 6/6
  1257 | D:4      | Noticed an ogre
  1264 | D:4      | Slain by an ogre

Illustrated notes

Levels and vault maps discovered:
D:1:      dpeg_arrival_yet_another_circle, layout_rooms, minmay_strange_pillars
D:2:      layout_rooms, minitemple, nicolae_overflow_hidden_temple
D:4:      layout_basic, lemuel_doored_altar, moated_statue, xom_confusion_cloud

Skill      XL: |  1  2  3  4 |
---------------+-------------+-----
Conjurations   | 1 2 |  2.0
Unarmed Combat | 1 2 |  2.4
Dodging        | 2 |  2.7
Stealth        | |  1.0
Spellcasting   | |  2.0
Summonings     | |  0.6
Translocations | |  0.6

Action                   |  1- 3 |  4- 6 || total
-------------------------+-------+-------++-------
Melee: Unarmed           |   107 |    32 ||   139
       Punch             |       |     2 ||     2
  Use: Scroll            |       |     3 ||     3
 Stab: Sleeping          |     1 |       ||     1
Armor: Robe              |    54 |     1 ||    55
Dodge: Dodged            |    61 |    10 ||    71

Table legend: (Time is in decaauts)
 A = Elapsed time spent in this place.
 B = Non-inter-level travel time spent in this place.
 C = Inter-level travel time spent in this place.
 D = Time resting spent in this place.
 E = Time spent auto-exploring this place.
 F = Levels seen in this place.
 G = Mean time per level.
                   A        B        C        D        E       F      G
               +--------+--------+--------+--------+--------+-----+--------+
         Total |   1260 |   1236 |     24 |     22 |    875 |   3 |  420.0 |
       Dungeon |   1260 |   1236 |     24 |     22 |    875 |   3 |  420.0 |
               +--------+--------+--------+--------+--------+-----+--------+

Top non-repeatable levels by time:
     D:1: 639 daAuts
     D:4: 472 daAuts
     D:2: 148 daAuts
